 Dungeon Crawl Stone Soup version 0.23.2-30-g0e89c35649 (webtiles) character file.

Game seed: 12117034769516911994

391 incessant the Ruffian (level 6, -1/54 HPs)
             Began as a Troll Wizard on June 11, 2019.
             Was an Initiate of Cheibriados.
             Slain by an orc
             ... wielding a +0 whip
              (7 damage)
             ... on level 4 of the Dungeon.
             The game lasted 00:05:17 (3352 turns).

incessant the Ruffian (Troll Wizard)                Turns: 3352, Time: 00:05:18

Health: -1/54      AC:  6    Str: 18    XL:     6   Next: 50%
Magic:  9/9        EV: 10    Int: 16    God:    Cheibriados [......]
Gold:   211        SH:  0    Dex: 12    Spells: 8/11 levels left

rFire    . . .     SeeInvis .     - Unarmed
rCold    . . .     Gourm    +   (no shield)
rNeg     . . .     Faith    .   k - +0 robe (curse)
rPois    .         Spirit   .   b - +0 hat
rElec    .         Reflect  .   (no cloak)
rCorr    .         Harm     .   (gloves unavailable)
MR       .....                  (boots unavailable)
Stlth    ++........             (no amulet)
HPRegen  0.58/turn              s - +3 ring of dexterity
MPRegen  0.11/turn              (no ring)

@: slow
A: large, unfitting armour, claws 3, fast metabolism 3, gourmand, regeneration
1, shaggy fur 1, tough skin 3
a: Bend Time, Renounce Religion


You were on level 4 of the Dungeon.
You worshipped Cheibriados.
Cheibriados was noncommittal.
You were completely stuffed.

You visited 1 branch of the dungeon, and saw 4 of its levels.

You collected 211 gold pieces.

Inventory:

Armour
 a - a +0 robe
 b - a +0 hat (worn)
 k - a cursed +0 robe (worn)
Jewellery
 s - a +3 ring of dexterity (left claw)
Wands
 n - a wand of polymorph (10)
Scrolls
 c - 5 scrolls of enchant weapon {unknown}
 g - 2 scrolls of magic mapping {unknown}
 h - 5 scrolls of teleportation {unknown}
 j - a scroll of enchant armour {unknown}
 p - a scroll of immolation {unknown}
 q - 2 scrolls of amnesia {unknown}
Potions
 e - a potion of flight {unknown}
 f - a potion of invisibility {unknown}
 i - a potion of curing {unknown}
 l - 2 potions of cancellation {unknown}
 m - a potion of lignification {unknown}
 o - a potion of brilliance {unknown}
Comestibles
 d - 6 rations
 r - a chunk of flesh


   Skills:
 + Level 0.8 Fighting
 - Level 1.5 Dodging
 - Level 1.0 Stealth
 + Level 4.3 Unarmed Combat
 * Level 3.1 Spellcasting
 + Level 0.6 Conjurations
   Level 0.6 Summonings
 * Level 2.0 Translocations


You had 8 spell levels left.
You knew the following spells:

 Your Spells              Type           Power        Failure   Level  Hunger
a - Magic Dart            Conj           #...         14%         1    None
b - Blink                 Tloc           N/A          12%         2    ##.....

Your spell library contained the following spells:

 Spells                   Type           Power        Failure   Level  Hunger
 Call Imp                 Summ           #.......     22%         2    ##.....
 Slow                     Hex            #.......     28%         2    ##.....
 Conjure Flame            Conj/Fire      #.......     45%         3    ###....
 Mephitic Cloud           Conj/Pois/Air  #.......     45%         3    ###....


Dungeon Overview and Level Annotations

Branches:
Dungeon (4/15)
 Temple: D:4-7

Altars:
Ashenzari
Cheibriados
Dithmenos
Elyvilon
Hepliaklqana
Nemelex Xobeh
Uskayaw
Vehumet
Wu Jian


Innate Abilities, Weirdness & Mutations

You are too large for most types of armour.
You have claws for hands.
Your metabolism is lightning-fast.
You like to eat raw meat.
Your natural rate of healing is unusually fast.
You are covered in fur. (AC +1)
You have extremely tough skin. (AC +3)


Message History

You barely miss the adder.
The adder is almost dead.
The adder barely misses you. The orc misses you.
The orc hits you but does no damage.
You claw the adder!
You kill the adder!
Cheibriados appreciates the change of pace.
The orc hits you but does no damage. The orc hits you with a +0 dagger.
* * * LOW HITPOINT WARNING * * *
You feel sick. The orc hits you with a +0 whip!
* * * LOW HITPOINT WARNING * * *
The orc sings a few bars from the Orcish anthem.
The orc hits you with a +0 whip.
* * * LOW HITPOINT WARNING * * *
The orc hits you but does no damage.
You feel sick.
You feel sick.
You are no longer poisoned.
The orc hits you with a +0 whip!
You die...

.>.....#.o####......
##......o.....#
##....###.#....#
#.....#####o..###
#..#.....#......#. #.
#......o........ .###.
#...#......o........ .. ..
#......^....o........###.#..#
# ..<.......@#......##... ..#
#....###....#..........#....
##).# #..........###...#....
######...........###......#
#............###.<......
###.....................
#..............#.#....
#####.............##.##...
##.....................##..


You could see 4 orcs.

Vanquished Creatures
  2 orc priests (D:3)
  2 orc wizards
  An iguana (D:3)
  Terence (D:2)
  A worker ant (D:4)
  Robin (D:2)
  6 adders
  4 worms
  6 dart slugs
  A leopard gecko (D:1)
  6 orcs (D:3)
  A ball python (D:2)
  7 bats
  4 giant cockroaches
  14 goblins
  15 hobgoblins
  8 jackals (D:2)
  8 kobolds
  4 quokkas
  5 frilled lizards
  A leopard gecko skeleton (D:2)
  7 rats
105 creatures vanquished.

Notes
Turn   | Place    | Note
-------+----------+-------------------------------------------
     0 | D:1      | incessant the Troll Wizard began the quest for the Orb.
     0 | D:1      | Reached XP level 1. HP: 16/16 MP: 2/2
   133 | D:1      | Reached XP level 2. HP: 13/24 MP: 4/4
   159 | D:1      | Learned a level 2 spell: Blink
   810 | D:2      | Reached XP level 3. HP: 22/31 MP: 5/5
   832 | D:2      | Reached skill level 1 in Translocations
   834 | D:2      | Reached skill level 1 in Unarmed Combat
  1170 | D:2      | Noticed Terence
  1184 | D:2      | Killed Terence
  1184 | D:2      | Reached XP level 4. HP: 28/39 MP: 5/7
  1415 | D:2      | Reached skill level 2 in Unarmed Combat
  1435 | D:2      | Noticed Robin
  1490 | D:2      | Killed Robin
  1901 | D:3      | Reached XP level 5. HP: 41/46 MP: 8/8
  1991 | D:3      | Reached skill level 3 in Unarmed Combat
  2103 | D:3      | Reached XP level 6. HP: 18/54 MP: 9/9
  2476 | D:3      | Found a white marble altar of Elyvilon.
  2477 | D:3      | Found a sparkling altar of Nemelex Xobeh.
  2479 | D:3      | Found a hazy altar of Hepliaklqana.
  2483 | D:3      | Found an ornate altar of the Wu Jian Council.
  2483 | D:3      | Found a shattered altar of Ashenzari.
  2483 | D:3      | Found a radiant altar of Vehumet.
  2486 | D:3      | Found a shadowy altar of Dithmenos.
  2487 | D:3      | Found a snail-covered altar of Cheibriados.
  2747 | D:3      | Found a hide-covered altar of Uskayaw.
  3166 | D:3      | Became a worshipper of Cheibriados the Contemplative
  3227 | D:4      | Reached skill level 4 in Unarmed Combat
  3352 | D:4      | Slain by an orc

Skill      XL: |  1  2  3  4  5  6 |
---------------+-------------------+-----
Translocations | 1 2 |  2.0
Unarmed Combat | 1 2 3 4 |  4.3
Spellcasting   | 3 |  3.1
Fighting       | |  0.8
Dodging        | |  1.5
Stealth        | |  1.0
Conjurations   | |  0.6
Summonings     | |  0.6

Action                   |  1- 3 |  4- 6 || total
-------------------------+-------+-------++-------
Melee: Unarmed           |   111 |   237 ||   348
 Stab: Sleeping          |     4 |     5 ||     9
  Eat: Chunk             |    14 |    23 ||    37
Armor: Robe              |    64 |   106 ||   170
       Skin              |     1 |     7 ||     8
Dodge: Dodged            |    72 |   117 ||   189
